 Dungeon Crawl Stone Soup version 0.31.0-1-g2c135a0 (webtiles) character file.

Game seed: 9711248966374710158

5679 VideoJamieLikely the Carver (level 10, -8/79 HPs)
             Began as a Gnoll Reaver on Jan 21, 2024.
             Was a Believer of Trog.
             Mangled by a sixfirhy (9 damage)
             ... summoned by a kobold demonologist
             ... on level 9 of the Dungeon.
             The game lasted 01:15:46 (7547 turns).

VideoJamieLikely the Carver (Gnoll Reaver)          Turns: 7547, Time: 01:15:47

Health: -8/79      AC: 11    Str: 26      XL:     10   Next: 75%
Magic:  0/21       EV: 13    Int:  8      God:    Trog [**....]
Gold:   494        SH:  0    Dex: 11 (12) Spells: 23/24 levels left

rFire   . . .        M - +11 quarterstaff of Watchfulness {heavy, rPois rN+ Int-5 Stlth+}
rCold   . . .        (shield currently unavailable)
rNeg    + . .        O - quicksilver dragon scales
rPois   +            i - melded +0 helmet
rElec   .            (cloak currently unavailable)
rCorr   .            d - melded +2 pair of gloves
SInv    .            w - melded +0 pair of boots
Will    +....        y - amulet of guardian spirit
Stlth   +++          z - +6 ring of strength
HPRegen 0.33/turn    v - +6 ring of strength
MPRegen 0.17/turn

%: guardian spirit
@: beast-form, on berserk cooldown, slowed, very slow
A: beast (slay +3), fangs 1, strong nose, distributed training
a: Begin Untransformation, Renounce Religion, Berserk, Trog's Hand


You were on level 9 of the Dungeon.
You worshipped Trog.
Trog was pleased with you.
You were a hulking beast.
You visited 2 branches of the dungeon, and saw 10 of its levels.

You collected 586 gold pieces.
You spent 92 gold pieces at shops.

Inventory:

Hand Weapons
 x - a +1 whip of electrocution
 E - a +0 whip of freezing
 G - a +5 flail of protection
 H - a +2 whip of flaming
 I - a +1 dagger of electrocution
 M - the +11 quarterstaff of Watchfulness (weapon) {heavy, rPois rN+ Int-5 Stlth+}
   (You found it on level 6 of the Dungeon)

   Int-5:     It affects your intelligence (-5).
   rPois:     It protects you from poison rN+: It protects you from negative
   energy.
   Stlth+:    It makes you more stealthy.
 Q - a +3 halberd
Missiles
 m - 32 stones (quivered)
 C - 25 poisoned darts
 R - a throwing net
Armour
 d - a +2 pair of gloves (melded)
 i - a +0 helmet (melded)
 s - an orb of wrath
 w - a +0 pair of boots (melded)
 F - the +0 leather armour of the Robin {rF- rCorr Dex+6 Stlth+}
   (You found it on level 5 of the Dungeon)

   Dex+6:     It affects your dexterity (+6).
   rF-:       It makes you vulnerable to fire.
   rCorr:     It protects you from acid and corrosion.
   Stlth+:    It makes you more stealthy.
 L - a +0 kite shield
 O - quicksilver dragon scales (worn)
 V - a +2 buckler of reflection
 W - a +2 kite shield
Jewellery
 q - a ring of positive energy
 t - an amulet of reflection
 v - a +6 ring of strength (right hand)
 y - an amulet of guardian spirit (around neck)
 z - a +6 ring of strength (left hand)
 N - a ring of protection from cold
 T - a ring of fire
Talismans
 g - a flux talisman
 o - a beast talisman (active)
Wands
 u - a wand of digging (2)
 X - a wand of charming (5)
Scrolls
 a - a scroll of immolation {unknown}
 e - a scroll of fog {unknown}
 f - 2 scrolls of revelation {unknown}
 h - 3 scrolls of amnesia
 j - a scroll of torment {unknown}
 k - a scroll of vulnerability {unknown}
 l - 3 scrolls of fear
 n - a scroll of silence {unknown}
 p - 2 scrolls of summoning {unknown}
 r - 2 scrolls of noise
 A - a scroll of enchant weapon {unknown}
 J - 2 scrolls of acquirement
 K - 4 scrolls of poison
 P - a scroll of teleportation
 S - a scroll of enchant armour {unknown}
 U - 2 scrolls of blinking
Potions
 b - a potion of lignification {unknown}
 c - 2 potions of curing
 B - a potion of might {unknown}
 D - 3 potions of brilliance


   Skills:
 + Level 7.4 Fighting
 + Level 5.8 Short Blades
 + Level 8.8 Long Blades
 + Level 5.8 Axes
 + Level 5.8 Maces & Flails
 + Level 5.8 Polearms
 + Level 5.8 Staves
 + Level 5.8 Ranged Weapons
 + Level 5.8 Throwing
 + Level 5.8 Armour
 + Level 7.4 Dodging
 + Level 5.8 Stealth
 + Level 5.8 Shields
 + Level 5.8 Unarmed Combat
 + Level 7.7 Spellcasting
 + Level 7.3 Conjurations
 + Level 4.8 Hexes
 + Level 4.8 Summonings
 + Level 4.8 Necromancy
 + Level 4.8 Translocations
 + Level 4.8 Fire Magic
 + Level 4.8 Ice Magic
 + Level 4.8 Air Magic
 + Level 4.8 Earth Magic
 + Level 4.8 Alchemy
 + Level 6.3 Invocations
 + Level 5.8 Evocations
 + Level 5.2 Shapeshifting


You had 23 spell levels left.
You knew the following spells:

 Your Spells              Type           Power      Damage    Failure   Level
a - Kiss of Death         Conj/Necr      48%        2d9       2%          1

Your spell library contained the following spells:

 Spells                   Type           Power      Damage    Failure   Level
 Foxfire                  Conj/Fire      48%        2x1d6     2%          1
 Momentum Strike          Conj/Tloc      24%        3d8       3%          2
 Jinxbite                 Hex            20%        N/A       6%          2
 Mercury Vapours          Alch/Air       20%        N/A       6%          2
 Hailstorm                Conj/Ice       12%        3d6       7%          3
 Summon Ice Beast         Ice/Summ       10%        N/A       12%         3
 Freezing Cloud           Conj/Ice/Air   6%         6-21      61%         5
 Silence                  Hex/Air        5%         N/A       75%         5
 Yara's Violent Unravell  Hex/Alch       5%         3d4       75%         5
 Sculpt Simulacrum        Ice/Alch       5%         N/A       99%         6
 Enfeeble                 Hex            5%         N/A       100%        7


Dungeon Overview and Level Annotations

Branches:
Dungeon (9/15)             Temple (1/1) D:5            Lair (0/5) D:8
    Orc: D:9-12

Altars:
Ashenzari
Cheibriados
Dithmenos
Elyvilon
Fedhas
Gozag
Hepliaklqana
Kikubaaqudgha
Makhleb
Nemelex Xobeh
Okawaru
Qazlal
Ru
Sif Muna
Trog
Uskayaw
Vehumet
Wu Jian
Xom
Yredelemnul
Zin
The Shining One

Shops:
D:2 (![(?


Innate Abilities, Weirdness & Mutations

You are a hulking beast.
Your limbs bulge with bestial killing power. (Slay +3)
You have very sharp teeth.
Your uncanny sense of smell can sniff out nearby items.
Your experience applies equally to all skills.


Message History

The quasit claws you but does no damage. x2
The kobold demonologist hits you but does no damage.
The iron imp closely misses you. The quasit bites you.
You feel clumsy.
The quasit claws you but does no damage.
The quasit misses you. The sixfirhy hits you. The sixfirhy shocks you!
You bludgeon the quasit!!
You kill the quasit!
The quasit disappears in a puff of smoke!
The sixfirhy hits you but does no damage.
The sixfirhy barely misses you. The sixfirhy hits you! The sixfirhy shocks you!
The sixfirhy barely misses you. The sixfirhy hits you. The sixfirhy shocks you!
The sixfirhy misses you.
The sixfirhy hits you but does no damage.
The iron imp hits you but does no damage.
The kobold demonologist hits you with a +2 dagger of venom.
The iron imp closely misses you. The kobold closely misses you.
The kobold demonologist hits you but does no damage.
You bludgeon the kobold!!
You kill the kobold!
Trog accepts your kill.
The kobold demonologist completely misses you.
The iron imp hits you.
The sixfirhy hits you but does no damage.
The kobold barely misses you.
The kobold demonologist mumbles some strange words.
The iron imp hits you but does no damage.
The sixfirhy misses you.
You barely miss the kobold demonologist.
The kobold demonologist is severely wounded.
The sixfirhy hits you. The sixfirhy shocks you!
* * * LOW HITPOINT WARNING * * *
The sixfirhy barely misses you. The sixfirhy hits you.
* * * LOW HITPOINT WARNING * * *
The sixfirhy shocks you!
* * * LOW HITPOINT WARNING * * *
The sixfirhy hits you.
* * * LOW HITPOINT WARNING * * *
The sixfirhy shocks you!
You die...

.........................
.#######.................
.# .. #.................
.# K..#####........#####
.# ...5...#........# .#
....$..######...# .#
....K.4.....#...# ##
........K.#K#...# #
.......5..#Kh...# #
..........#35...# #
.........##4....# #
.........#......# #
.........#......# #
.........#....... .
#........ ..........


You could see a kobold demonologist, a sixfirhy (summoned), a red devil
(summoned), an iron imp (summoned) and a kobold.

Vanquished Creatures
  Pikel (D:4)
  2 elephants (D:8)
  A kobold demonologist (D:9)
  Grinder (D:6)
  Prince Ribbit (D:6)
  Sigmund (D:2)
  A yak (D:8)
  A steam dragon (D:8)
  A wyvern (D:9)
  Menkaure (D:5)
  Edmund (D:4)
  2 water moccasins
  An orc warrior (D:7)
  A sky beast (D:7)
  2 ogres
  4 black bears
  2 centaurs
  Blork the orc (D:4)
  4 bullfrogs
  3 kobold brigands
  4 gnoll sergeants
  4 scorpions
  3 wights (D:9)
  2 gnoll boudas
  3 hounds
  2 bombardier beetles (D:3)
  2 jellies
  5 iguanas
  2 orc wizards (D:8)
  25 gnolls
  9 adders
  A shadow imp (D:5)
  3 dart slugs
  2 ribbon worms (D:2)
  23 orcs
  3 bats
  9 endoplasms
  4 giant cockroaches
  10 goblins
  9 hobgoblins
  9 jackals
  14 kobolds
  3 quokkas
  10 ball pythons
  3 frilled lizards
  3 rats
199 creatures vanquished.

Vanquished Creatures (others)
  A sky beast (D:8)
  An orc wizard (D:8)
  A kobold (D:9)
3 creatures vanquished.

Grand Total: 202 creatures vanquished

Notes
Turn   | Place    | Note
-------+----------+-------------------------------------------
     0 | D:1      | VideoJamieLikely the Gnoll Reaver began the quest for the
                  | Orb.
     0 | D:1      | Reached XP level 1. HP: 20/20 MP: 6/6
   196 | D:1      | Reached XP level 2. HP: 26/26 MP: 7/7
   673 | D:2      | Reached skill level 5 in Spellcasting
   673 | D:2      | Reached XP level 3. HP: 30/31 MP: 7/9
   710 | D:2      | Found Tyth's Distillery.
   713 | D:2      | Bought a potion of heal wounds for 60 gold pieces
   713 | D:2      | Bought a potion of degeneration for 12 gold pieces
   780 | D:2      | Reached skill level 1 in Invocations
   783 | D:2      | Reached skill level 1 in Short Blades
   783 | D:2      | Reached skill level 1 in Axes
   783 | D:2      | Reached skill level 1 in Maces & Flails
   783 | D:2      | Reached skill level 1 in Polearms
   783 | D:2      | Reached skill level 1 in Staves
   783 | D:2      | Reached skill level 1 in Ranged Weapons
   783 | D:2      | Reached skill level 1 in Throwing
   783 | D:2      | Reached skill level 1 in Armour
   783 | D:2      | Reached skill level 1 in Stealth
   783 | D:2      | Reached skill level 1 in Shields
   783 | D:2      | Reached skill level 1 in Unarmed Combat
   783 | D:2      | Reached skill level 1 in Evocations
   797 | D:2      | Reached skill level 1 in Shapeshifting
   797 | D:2      | Reached XP level 4. HP: 23/38 MP: 11/11
   866 | D:2      | Found Vuorritz's Antique Weapon Emporium.
   883 | D:2      | Noticed Sigmund
   931 | D:2      | Killed Sigmund
   932 | D:2      | Reached skill level 1 in Hexes
   932 | D:2      | Reached skill level 1 in Summonings
   932 | D:2      | Reached skill level 1 in Necromancy
   932 | D:2      | Reached skill level 1 in Translocations
   932 | D:2      | Reached skill level 1 in Fire Magic
   932 | D:2      | Reached skill level 1 in Ice Magic
   932 | D:2      | Reached skill level 1 in Air Magic
   932 | D:2      | Reached skill level 1 in Earth Magic
   932 | D:2      | Reached skill level 1 in Alchemy
   932 | D:2      | Reached XP level 5. HP: 23/43 MP: 12/12
   935 | D:2      | Reached XP level 6. HP: 22/50 MP: 13/13
  1386 | D:2      | Found Ceilol's Magic Scroll Emporium.
  1391 | D:2      | Bought a scroll of identify for 20 gold pieces
  1465 | D:2      | Found Jaleycs's Antique Weapon Shop.
  1516 | D:2      | Found Viagit's Antique Armour Shoppe.
  1867 | D:3      | Reached skill level 5 in Fighting
  1867 | D:3      | Reached skill level 5 in Dodging
  1902 | D:3      | Got the Catalogue of Sweltering Ozone
  2577 | D:4      | Noticed a black bear
  2605 | D:3      | Killed a black bear
  2606 | D:3      | Reached skill level 7 in Long Blades
  2606 | D:3      | Reached XP level 7. HP: 56/56 MP: 11/15
  2681 | D:4      | Noticed Pikel
  2683 | D:4      | Killed Pikel
  2684 | D:4      | Reached XP level 8. HP: 63/63 MP: 16/16
  2863 | D:4      | Noticed Edmund
  2878 | D:4      | Killed Edmund
  2961 | D:4      | Noticed Blork the orc
  2965 | D:4      | Killed Blork the orc
  3239 | D:5      | Entered Level 5 of the Dungeon
  3250 | D:5      | Noticed Menkaure
  3252 | D:5      | Found a staircase to the Ecumenical Temple.
  3257 | D:5      | Killed Menkaure
  3381 | Temple   | Entered the Ecumenical Temple
  3748 | Temple   | Became a worshipper of Trog the Wrathful
  3850 | D:5      | Identified the +0 leather armour of the Robin {rF- rCorr
                  | Dex+6 Stlth+}
  3953 | D:5      | Found a glowing golden altar of the Shining One.
  4221 | D:5      | Identified the +0 leather armour "Qedeh" {rN+ Will+++
                  | Regen+ Str-3}
  4677 | D:6      | Found a white marble altar of Elyvilon.
  4686 | D:6      | Reached XP level 9. HP: 68/69 MP: 16/18
  4709 | D:6      | Identified the +11 quarterstaff of Watchfulness {heavy,
                  | rPois rN+ Int-5 Stlth+}
  4757 | D:6      | Noticed Prince Ribbit
  4767 | D:6      | Killed Prince Ribbit
  4815 | D:6      | Noticed Grinder
  4820 | D:6      | Killed Grinder
  5190 | D:7      | Reached skill level 8 in Long Blades
  5202 | D:7      | Found a hide-covered altar of Uskayaw.
  5205 | D:7      | Found a basalt altar of Yredelemnul.
  5445 | D:7      | Reached skill level 5 in Invocations
  5451 | D:7      | Reached * piety under Trog
  6136 | D:7      | Found a burning altar of Makhleb.
  6435 | D:8      | Reached skill level 5 in Short Blades
  6435 | D:8      | Reached skill level 5 in Axes
  6435 | D:8      | Reached skill level 5 in Maces & Flails
  6435 | D:8      | Reached skill level 5 in Polearms
  6435 | D:8      | Reached skill level 5 in Staves
  6435 | D:8      | Reached skill level 5 in Ranged Weapons
  6435 | D:8      | Reached skill level 5 in Throwing
  6435 | D:8      | Reached skill level 5 in Armour
  6435 | D:8      | Reached skill level 5 in Stealth
  6435 | D:8      | Reached skill level 5 in Shields
  6435 | D:8      | Reached skill level 5 in Unarmed Combat
  6435 | D:8      | Reached skill level 5 in Evocations
  6436 | D:8      | Reached XP level 10. HP: 57/77 MP: 14/20
  6574 | D:8      | Noticed an elephant
  6585 | D:8      | Killed an elephant
  6860 | D:8      | Noticed an elephant
  6876 | D:8      | Killed an elephant
  6876 | D:8      | Reached ** piety under Trog
  6877 | D:8      | Reached skill level 5 in Shapeshifting
  7104 | D:8      | Found a staircase to the Lair.
  7272 | D:8      | Identified 2 scrolls of acquirement
  7510 | D:9      | Noticed a kobold demonologist
  7515 | D:9      | Noticed a kobold demonologist
  7539 | D:9      | Killed a kobold demonologist
  7544 | D:9      | Noticed a sixfirhy
  7547 | D:9      | HP: 1/79 [sixfirhy[a kobold demonologist] (5)]
  7547 | D:9      | Mangled by a sixfirhy

Illustrated notes

Levels and vault maps discovered:
D:1:      dpeg_arrival_long_road, layout_loops_cross
D:2:      kennysheep_six_static_rooms, layout_basic, serial_shops,
          nicolae_shop_pleasant_corner_grove, shop,
          nicolae_shop_tiny_real_fake_doors, shop_scrolls,
          nicolae_shop_back_alley_shop, minmay_misc_feat_columns,
          guppyfry_early_orc_mine, uniq_sigmund
D:3:      layout_rooms, minmay_quadrilaterals
D:4:      layout_rooms, uniq_pikel, uniq_edmund, uniq_blork_the_orc
D:5:      layout_basic, nicolae_tso_swordbearing_angel,
          minmay_temple_entry_glass, minivault_11, dk_noncrumbling_4,
          hangedman_abyss_or_decor_stabs, nicolae_twisty_statue_hallways,
          uniq_menkaure
D:6:      layout_rooms, mainiacjoe_overflow_cross_hatched, uniq_prince_ribbit1,
          uniq_grinder
D:7:      layout_layer_cave, mainiacjoe_overflow_catwalk_spiral,
          makhleb_blood_cavern_becter
D:8:      layout_rooms, grunt_lair_entry_orc_guard_hut
D:9:      layout_irregular_city
Temple:   bh_familiar_temple

Skill      XL: |  1  2  3  4  5  6  7  8  9 10 |
---------------+-------------------------------+-----
Spellcasting   | 5 6 7 |  7.7
Invocations    | 1 2 3 4 5 6 |  6.3
Short Blades   | 1 2 3 5 |  5.8
Axes           | 1 2 3 5 |  5.8
Maces & Flails | 1 2 3 5 |  5.8
Polearms       | 1 2 3 5 |  5.8
Staves         | 1 2 3 5 |  5.8
Ranged Weapons | 1 2 3 5 |  5.8
Throwing       | 1 2 3 5 |  5.8
Armour         | 1 2 3 5 |  5.8
Stealth        | 1 2 3 5 |  5.8
Shields        | 1 2 3 5 |  5.8
Unarmed Combat | 1 2 3 5 |  5.8
Evocations     | 1 2 3 5 |  5.8
Shapeshifting  | 1 2 3 4 5 |  5.2
Hexes          | 1 2 3 4 |  4.8
Summonings     | 1 2 3 4 |  4.8
Necromancy     | 1 2 3 4 |  4.8
Translocations | 1 2 3 4 |  4.8
Fire Magic     | 1 2 3 4 |  4.8
Ice Magic      | 1 2 3 4 |  4.8
Air Magic      | 1 2 3 4 |  4.8
Earth Magic    | 1 2 3 4 |  4.8
Alchemy        | 1 2 3 4 |  4.8
Fighting       | 5 6 7 |  7.4
Dodging        | 5 6 7 |  7.4
Long Blades    | 7 8 |  8.8
Conjurations   | 6 7 |  7.3

Action                     |  1- 3 |  4- 6 |  7- 9 | 10-12 || total
---------------------------+-------+-------+-------+-------++-------
  Melee: Falchion          |    93 |   180 |    40 |       ||   313
         Bite              |     8 |    14 |    23 |     8 ||    53
         Punch             |     1 |     1 |       |       ||     2
         Flail             |       |       |    53 |       ||    53
         Quarterstaff      |       |       |    78 |   101 ||   179
 Invoke: Berserk           |       |       |       |     1 ||     1
  Evoke: Wand              |       |       |     7 |     2 ||     9
    Use: Scroll            |       |     3 |     4 |     4 ||    11
         Potion            |       |       |     3 |     3 ||     6
   Stab: Sleeping          |       |     2 |     3 |     1 ||     6
 Armour: Leather armour    |    40 |    32 |       |       ||    72
         Chain mail        |       |   113 |    74 |       ||   187
         Quicksilver drago |       |       |   100 |   200 ||   300
  Dodge: Dodged            |    75 |    98 |   168 |   165 ||   506
  Block: Kite shield       |       |       |    13 |       ||    13
   Form: Beast             |       |     2 |       |       ||     2
                           |       |     1 |       |       ||     1
